TOP OF THE 1ST |
Chicago Cubs batting - Pitching for Pittsburgh Pirates : RHP Isaburo Ishihara
|
Pitching: RHP Isaburo Ishihara
|
|
Batting: RHB Yasuhide Kasahara
|
0-0: DOUBLE (Line Drive, 89M, EV 103.8 MPH)
|
Batting: RHB Elijah Campbell
|
0-0: Sac Bunt to 3S - play at first, batter OUT! 3-4 Yasuhide Kasahara to third
|
Batting: RHB Efrain Vargas
|
0-0: Ball 1-0: Ball 2-0: Called Strike 2-1: Foul Ball, location: 2F 2-2: DOUBLE (Line Drive, 89M, EV 87.5 MPH) Yasuhide Kasahara scores
|
Batting: SHB Terry Tuckfard
|
0-0: Fly out, F7 (Flyball, 7, EV 86.9 MPH)
|
Batting: RHB Kaeo Zirpoli
|
0-0: Ball 1-0: Fly out, F4 (Popup, 4M, EV 75.6 MPH)
|
Top of the 1st over - 1 run, 2 hits, 0 errors, 1 left on base; Chicago 1 - Pittsburgh 0 |
BOTTOM OF THE 1ST |
Pittsburgh Pirates batting - Pitching for Chicago Cubs : RHP Chris Ishii
|
Pitching: RHP Chris Ishii
|
|
Batting: RHB Pedro Nin
|
0-0: Bunt for hit to 23 - play at first, batter OUT! 3-4
|
Batting: RHB Eisse Bravenboer
|
0-0: Ball 1-0: SINGLE (Line Drive, 89M, EV 96.9 MPH)
|
Batting: SHB Marvin McAleer
|
0-0: Ball 1-0: Called Strike 1-1: Ball 2-1: Swinging Strike 2-2: Strikes out looking and he ARGUES THE CALL AND IS TOSSED!
|
Batting: RHB Jeckel Hester
|
0-0: Called Strike 0-1: Foul Ball, location: 2F 0-2: Ball 1-2: Ball 2-2: Ball 3-2: Foul Ball, location: 2F 3-2: Foul Ball, location: 2F 3-2: Strikes out looking
|
Bottom of the 1st over - 0 runs, 1 hit, 0 errors, 1 left on base; Chicago 1 - Pittsburgh 0 |
TOP OF THE 2ND |
Chicago Cubs batting - Pitching for Pittsburgh Pirates : RHP Isaburo Ishihara
|
Now in CF: Theodore Conboy
|
|
Batting: RHB Will Leslie
|
0-0: Ball 1-0: Foul Ball, location: 2F 1-1: Fly out, F9 (Flyball, 9S, EV 88.1 MPH)
|
Batting: SHB Art Kent
|
0-0: DOUBLE (Line Drive, 78M, EV 112.5 MPH)
|
Batting: RHB Steve Bui
|
0-0: Called Strike 0-1: Ball 1-1: Ball 2-1: Swinging Strike 2-2: Strikes out swinging
|
Batting: RHB Adam O'Hare
|
0-0: Called Strike 0-1: SINGLE (Groundball, 56S, EV 66.9 MPH) (infield hit) Art Kent to third
|
Batting: RHB Yasuhide Kasahara
|
0-0: Ball 1-0: Foul Ball, location: 2F 1-1: Ball 2-1: Ball 3-1: Reached on error, E6 (Groundball, 6, EV 95.6 MPH) Art Kent scores Adam O'Hare to second
|
Batting: RHB Elijah Campbell
|
0-0: Ball 1-0: Swinging Strike 1-1: Foul Ball, location: 2F 1-2: Foul Ball, location: 2F 1-2: Ball 2-2: Fly out, F7 (Line Drive, 7, EV 108.8 MPH)
|
Top of the 2nd over - 1 run, 2 hits, 1 error, 2 left on base; Chicago 2 - Pittsburgh 0 |
BOTTOM OF THE 2ND |
Pittsburgh Pirates batting - Pitching for Chicago Cubs : RHP Chris Ishii
|
Batting: RHB Steve Jordan
|
0-0: Foul Ball, location: 2F 0-1: Foul Ball, location: 2F 0-2: Foul Ball, location: 2F 0-2: Ball 1-2: Foul Ball, location: 2F 1-2: Ball 2-2: Fly out, F3 (Popup, 3F, EV 65.6 MPH)
|
Batting: RHB Tommie Eaton
|
0-0: Ball 1-0: SINGLE (Line Drive, 3D, EV 110.0 MPH)
|
Batting: RHB Mike Bates
|
0-0: Foul Ball, location: 2F 0-1: Called Strike Tommie Eaton steals 2nd base 0-2: Ball 1-2: Strikes out swinging
|
Batting: RHB Raul Mendoza
|
0-0: Called Strike 0-1: Swinging Strike 0-2: Foul Ball, location: 2F 0-2: Ball 1-2: Ground out 5-3 (Groundball, 5, EV 94.4 MPH)
|
Bottom of the 2nd over - 0 runs, 1 hit, 0 errors, 1 left on base; Chicago 2 - Pittsburgh 0 |
TOP OF THE 3RD |
Chicago Cubs batting - Pitching for Pittsburgh Pirates : RHP Isaburo Ishihara
|
Batting: RHB Efrain Vargas
|
0-0: Ball 1-0: Ball 2-0: Foul Ball, location: 2F 2-1: Swinging Strike 2-2: Ground out 5-3 (Groundball, 5, EV 96.9 MPH)
|
Batting: SHB Terry Tuckfard
|
0-0: Called Strike 0-1: Ball 1-1: SINGLE (Groundball, 4D, EV 104.4 MPH)
|
Batting: RHB Kaeo Zirpoli
|
0-0: Ball 1-0: Called Strike 1-1: Ball 2-1: Swinging Strike 2-2: Ball 3-2: Base on Balls Terry Tuckfard to second
|
Batting: RHB Will Leslie
|
0-0: Foul Ball, location: 2F 0-1: Called Strike 0-2: Strikes out swinging
|
Batting: SHB Art Kent
|
0-0: Called Strike 0-1: Fly out, F7 (Line Drive, 7D, EV 85.0 MPH)
|
Top of the 3rd over - 0 runs, 1 hit, 0 errors, 2 left on base; Chicago 2 - Pittsburgh 0 |
BOTTOM OF THE 3RD |
Pittsburgh Pirates batting - Pitching for Chicago Cubs : RHP Chris Ishii
|
Batting: RHB Lupe Covarrubias
|
0-0: Ball 1-0: Ball 2-0: SOLO HOME RUN (Flyball, 7D, EV 98.8 MPH), Distance : 385 ft
|
Batting: RHB Pedro Nin
|
0-0: Ball 1-0: Ball 2-0: Called Strike 2-1: Swinging Strike 2-2: Strikes out swinging
|
Batting: RHB Eisse Bravenboer
|
0-0: Called Strike 0-1: Foul Ball, location: 2F 0-2: Ball 1-2: Ball 2-2: Fly out, F8 (Flyball, 8RS, EV 88.8 MPH)
|
Batting: LHB Theodore Conboy
|
0-0: Called Strike 0-1: Ball 1-1: Swinging Strike 1-2: Fly out, F2 (Popup, 15S, EV 88.8 MPH)
|
Bottom of the 3rd over - 1 run, 1 hit, 0 errors, 0 left on base; Chicago 2 - Pittsburgh 1 |
TOP OF THE 4TH |
Chicago Cubs batting - Pitching for Pittsburgh Pirates : RHP Isaburo Ishihara
|
Batting: RHB Steve Bui
|
0-0: Called Strike 0-1: Foul Ball, location: 2F 0-2: Strikes out swinging
|
Batting: RHB Adam O'Hare
|
0-0: Ball 1-0: Swinging Strike 1-1: Ball 2-1: Ball 3-1: Base on Balls
|
Batting: RHB Yasuhide Kasahara
|
0-0: Called Strike 0-1: Grounds into double play, 4-6-3 (Groundball, 4S, EV 90.6 MPH)
|
Top of the 4th over - 0 runs, 0 hits, 0 errors, 0 left on base; Chicago 2 - Pittsburgh 1 |
BOTTOM OF THE 4TH |
Pittsburgh Pirates batting - Pitching for Chicago Cubs : RHP Chris Ishii
|
Batting: RHB Jeckel Hester
|
0-0: Called Strike 0-1: Called Strike 0-2: Ball 1-2: Foul Ball, location: 2F 1-2: Ground out 4-3 (Groundball, 4, EV 78.1 MPH)
|
Batting: RHB Steve Jordan
|
0-0: Called Strike 0-1: Ball 1-1: Ground out 4-3 (Groundball, 4S, EV 81.9 MPH)
|
Batting: RHB Tommie Eaton
|
0-0: Swinging Strike 0-1: SINGLE (Groundball, 13S, EV 64.4 MPH) (infield hit)
|
Batting: RHB Mike Bates
|
0-0: Called Strike 0-1: Ball 1-1: Ball 2-1: Called Strike 2-2: Foul Ball, location: 2F 2-2: Ball 3-2: Foul Ball, location: 2F 3-2: Strikes out swinging
|
Bottom of the 4th over - 0 runs, 1 hit, 0 errors, 1 left on base; Chicago 2 - Pittsburgh 1 |
TOP OF THE 5TH |
Chicago Cubs batting - Pitching for Pittsburgh Pirates : RHP Isaburo Ishihara
|
Batting: RHB Elijah Campbell
|
0-0: Called Strike 0-1: Ball 1-1: Ball 2-1: Called Strike 2-2: Fly out, F8 (Line Drive, 8LD, EV 93.1 MPH)
|
Batting: RHB Efrain Vargas
|
0-0: Called Strike 0-1: Ball 1-1: DOUBLE (Groundball, 5L, EV 109.4 MPH)
|
Batting: SHB Terry Tuckfard
|
0-0: Called Strike 0-1: DOUBLE (Line Drive, 78M, EV 91.9 MPH) Efrain Vargas scores
|
Batting: RHB Kaeo Zirpoli
|
0-0: Ball 1-0: Ball Terry Tuckfard steals 3rd base 2-0: Foul Ball, location: 2F 2-1: Swinging Strike 2-2: Ground out 6-3 (Groundball, 6, EV 80.0 MPH)
|
Batting: RHB Will Leslie
|
0-0: Fly out, F8 (Line Drive, 8RD, EV 94.4 MPH)
|
Top of the 5th over - 1 run, 2 hits, 0 errors, 1 left on base; Chicago 3 - Pittsburgh 1 |
BOTTOM OF THE 5TH |
Pittsburgh Pirates batting - Pitching for Chicago Cubs : RHP Chris Ishii
|
Batting: RHB Raul Mendoza
|
0-0: Ball 1-0: Foul Ball, location: 2F 1-1: Ball 2-1: Ball 3-1: Base on Balls
|
Batting: RHB Lupe Covarrubias
|
0-0: Ball 1-0: Called Strike 1-1: Ball 2-1: Swinging Strike 2-2: Foul Ball, location: 2F 2-2: Ball 3-2: Strikes out swinging
|
Batting: RHB Pedro Nin
|
0-0: Ball 1-0: Called Strike 1-1: Ball 2-1: Foul Ball, location: 2F 2-2: Ball 3-2: Base on Balls Raul Mendoza to second
|
Batting: RHB Eisse Bravenboer
|
0-0: Ball 1-0: Fly out, F6 (Line Drive, 6, EV 67.5 MPH)
|
Batting: LHB Theodore Conboy
|
0-0: Fly out, F9 (Flyball, 89D, EV 91.2 MPH)
|
Bottom of the 5th over - 0 runs, 0 hits, 0 errors, 2 left on base; Chicago 3 - Pittsburgh 1 |
TOP OF THE 6TH |
Chicago Cubs batting - Pitching for Pittsburgh Pirates : RHP Isaburo Ishihara
|
Batting: SHB Art Kent
|
0-0: Called Strike 0-1: Ball 1-1: Ground out 1-3 (Groundball, 13S, EV 68.8 MPH)
|
Batting: RHB Steve Bui
|
0-0: Ground out 6-3 (Groundball, 6, EV 77.5 MPH)
|
Batting: RHB Adam O'Hare
|
0-0: Ground out U3 (Groundball, 34, EV 82.5 MPH)
|
Top of the 6th over - 0 runs, 0 hits, 0 errors, 0 left on base; Chicago 3 - Pittsburgh 1 |
BOTTOM OF THE 6TH |
Pittsburgh Pirates batting - Pitching for Chicago Cubs : RHP Chris Ishii
|
Batting: RHB Jeckel Hester
|
0-0: Ball 1-0: Called Strike 1-1: Ball 2-1: Ball 3-1: Base on Balls
|
Pitching: RHP Edwin Rivera
|
|
Batting: RHB Steve Jordan
|
0-0: Called Strike 0-1: SINGLE (Flyball, 34D, EV 86.9 MPH) Jeckel Hester to second
|
Batting: RHB Tommie Eaton
|
0-0: Sac Bunt to 15 - play at first, batter safe! Jeckel Hester to third Steve Jordan to second
|
Batting: RHB Mike Bates
|
0-0: Ball 1-0: Called Strike 1-1: Foul Ball, location: 2F 1-2: Ball 2-2: Strikes out swinging
|
Batting: RHB Raul Mendoza
|
0-0: Hit by Pitch Jeckel Hester scores Steve Jordan to third Tommie Eaton to second
|
Batting: RHB Lupe Covarrubias
|
0-0: Ball 1-0: Swinging Strike 1-1: DOUBLE (Flyball, 3D, EV 83.1 MPH) Steve Jordan scores Tommie Eaton scores Raul Mendoza to third
|
Batting: RHB Pedro Nin
|
0-0: Ball 1-0: Called Strike 1-1: Fly out, F4 (Popup, 3F, EV 68.8 MPH)
|
Batting: RHB Eisse Bravenboer
|
0-0: Ball 1-0: Foul Ball, location: 2F 1-1: SINGLE (Flyball, 34D, EV 93.1 MPH) Raul Mendoza scores Lupe Covarrubias to third Runner from 3rd tries for Home, throw by RF and OUT! 9-2
|
Bottom of the 6th over - 4 runs, 4 hits, 0 errors, 1 left on base; Chicago 3 - Pittsburgh 5 |
TOP OF THE 7TH |
Chicago Cubs batting - Pitching for Pittsburgh Pirates : RHP Isaburo Ishihara
|
Batting: RHB Yasuhide Kasahara
|
0-0: Ball 1-0: DOUBLE (Groundball, 5L, EV 102.5 MPH)
|
Batting: RHB Elijah Campbell
|
0-0: Called Strike 0-1: Called Strike 0-2: Ball 1-2: Ground out 3-1 (Groundball, 34, EV 105.0 MPH) Yasuhide Kasahara to third
|
Batting: RHB Efrain Vargas
|
0-0: Called Strike 0-1: Ball 1-1: Foul Ball, location: 2F 1-2: Strikes out swinging
|
Batting: SHB Terry Tuckfard
|
0-0: Ball 1-0: Called Strike 1-1: Foul Ball, location: 2F 1-2: Ball 2-2: Ball 3-2: Base on Balls
|
Batting: RHB Kaeo Zirpoli
|
0-0: Ball 1-0: Called Strike 1-1: Ball 2-1: Ball 3-1: Called Strike 3-2: Ground out 6-3 (Groundball, 6, EV 101.9 MPH)
|
Top of the 7th over - 0 runs, 1 hit, 0 errors, 2 left on base; Chicago 3 - Pittsburgh 5 |
BOTTOM OF THE 7TH |
Pittsburgh Pirates batting - Pitching for Chicago Cubs : RHP Edwin Rivera
|
Pitching: LHP Jay Turpin
|
|
Batting: LHB Theodore Conboy
|
0-0: Ground out U3 (Groundball, 34, EV 99.4 MPH)
|
Batting: RHB Jeckel Hester
|
0-0: Called Strike 0-1: Fly out, F6 (Flyball, 5D, EV 81.2 MPH)
|
Batting: RHB Steve Jordan
|
0-0: Foul Ball, location: 2F 0-1: Foul Ball, location: 2F 0-2: Fly out, F9 (Flyball, 9, EV 90.6 MPH)
|
Bottom of the 7th over - 0 runs, 0 hits, 0 errors, 0 left on base; Chicago 3 - Pittsburgh 5 |
TOP OF THE 8TH |
Chicago Cubs batting - Pitching for Pittsburgh Pirates : RHP Isaburo Ishihara
|
Batting: RHB Will Leslie
|
0-0: Ball 1-0: Fly out, F2 (Popup, 3SF, EV 83.8 MPH)
|
Pitching: LHP Tim Wichman
|
|
Batting: SHB Art Kent
|
0-0: Foul Ball, location: 2F 0-1: Swinging Strike 0-2: Ball 1-2: Ball 2-2: Foul Ball, location: 2F 2-2: Strikes out looking
|
Batting: RHB Steve Bui
|
0-0: Ball 1-0: Ball 2-0: Called Strike 2-1: Fly out, F7 (Flyball, 7S, EV 78.1 MPH)
|
Top of the 8th over - 0 runs, 0 hits, 0 errors, 0 left on base; Chicago 3 - Pittsburgh 5 |
BOTTOM OF THE 8TH |
Pittsburgh Pirates batting - Pitching for Chicago Cubs : LHP Jay Turpin
|
Batting: RHB Tommie Eaton
|
0-0: Ball 1-0: Fly out, F9 (Flyball, 89S, EV 90.6 MPH)
|
Batting: RHB Mike Bates
|
0-0: Ball 1-0: Foul Ball, location: 2F 1-1: Fly out, F8 (Flyball, 8LM, EV 90.0 MPH)
|
Batting: RHB Raul Mendoza
|
0-0: Fly out, F6 (Popup, 4MD, EV 68.8 MPH)
|
Bottom of the 8th over - 0 runs, 0 hits, 0 errors, 0 left on base; Chicago 3 - Pittsburgh 5 |
TOP OF THE 9TH |
Chicago Cubs batting - Pitching for Pittsburgh Pirates : LHP Tim Wichman
|
Pitching: RHP Steve Grier
|
|
Batting: RHB Adam O'Hare
|
0-0: Ball 1-0: Swinging Strike 1-1: Ball 2-1: Ball 3-1: Foul Ball, location: 2F 3-2: Strikes out swinging
|
Batting: RHB Yasuhide Kasahara
|
0-0: Ball 1-0: Ground out 6-3 (Groundball, 6, EV 85.6 MPH)
|
Batting: RHB Elijah Campbell
|
0-0: Ground out 1-3 (Groundball, P, EV 71.2 MPH)
|
Top of the 9th over - 0 runs, 0 hits, 0 errors, 0 left on base; Chicago 3 - Pittsburgh 5 |
|